AoeStats
← TONIC

Arena

509929954Analyzed
4v4 RM · 5d ago on Sep 28, 2026· 32m 54s· 8 players
Game mode
Random Map
Map size
Large (8 player)
Population
200
Speed
Normal
Resources
Standard
Victory
Conquest
Starting age
Dark Age
Ending age
Imperial Age
RankedLock teamsTeams togetherTeam positionsShared explorationLock speedFull tech treeHidden civsTurbo modeCheats
Victory
Defeat
🇦🇷 Persians · Argentina
1038
+17
🇨🇳 Poles · China
1033
+17
🇵🇹 Danes · Portugal
1031
+17
🇧🇷 Wei · Brazil
1014
+18
🇩🇪 Goths · Germany
1110
-19
🇺🇸 Khmer · United States
1083
-18
🇺🇸 Lithuanians · United States
1033
-16
🇩🇪 Huns · Germany
1021
-16
[FNZ] F3RNZ
12:39 Feudal Age
16:55 Castle Age
31:54 Fletching
大汉忠臣曹孟德
7:13 Loom
9:17 Feudal Age
10:00 Double-Bit Axe
10:24 Horse Collar
11:02 Fletching
26:29 Castle Age
27:57 Heavy Plow
28:08 Bow Saw
28:32 Gold Mining
29:27 Squires
29:12 Arson
29:29 Bodkin Arrow
29:45 Forging
31:33 Scale Mail Armor
32:11 Wheelbarrow
34:43 Imperial Age
33:08 Stone Mining
SillyFern495909
10:27 Feudal Age
8:44 Loom
12:32 Wheelbarrow
15:31 Castle Age
16:59 Horse Collar
19:42 Double-Bit Axe
20:43 Gold Mining
25:48 Scale Barding Armor
25:54 Heavy Plow
26:31 Forging
27:46 Bloodlines
28:25 Hand Cart
29:19 Chain Barding Armor
33:48 Iron Casting
!
10:51 Feudal Age
14:45 Castle Age
13:59 Double-Bit Axe
13:55 Horse Collar
16:12 Bow Saw
21:31 Scale Mail Armor
23:19 Loom
25:45 Chain Mail Armor
27:43 Wheelbarrow
27:11 Heavy Plow
27:46 Forging
30:19 Iron Casting
33:45 Hand Cart
33:16 Town Watch
I THS I
11:10 Feudal Age
11:51 Double-Bit Axe
16:02 Castle Age
15:03 Horse Collar
16:43 Heavy Plow
22:23 Loom
27:45 Crossbowman
HowManyMustDie
10:07 Feudal Age
14:16 Castle Age
13:19 Double-Bit Axe
13:42 Horse Collar
20:27 Wheelbarrow
20:27 Loom
23:00 Scale Barding Armor
23:22 Bloodlines
25:42 Chain Barding Armor
28:07 Husbandry
29:34 Bow Saw
29:28 Heavy Plow
29:47 Stone Mining
29:58 Gold Mining
bad_dwarf
10:23 Feudal Age
16:09 Fletching
21:09 Castle Age
27:11 Wheelbarrow
26:21 Town Watch
27:23 Double-Bit Axe
29:11 Wheelbarrow
28:21 Town Watch
TONIC
11:03 Feudal Age
11:43 Loom
15:56 Castle Age
24:53 Scale Mail Armor
29:08 Squires
31:16 Chain Mail Armor
Connection lost

Rejoining the realm…

Still unreachable

The connection could not be restored.

Session expired

The server has moved on; the page needs a fresh start.